 Dungeon Crawl Stone Soup version 0.18.1-48-g4cf74bf (webtiles) character file.

206 MovingMist the Skirmisher (level 5, -9/50 HPs)
             Began as a Naga Fighter on Aug 23, 2016.
             Was an Initiate of Okawaru.
             Killed by nerve-wracking pain
             ... invoked by an orc priest
              (14 damage)
             ... on level 4 of the Dungeon.
             The game lasted 00:08:03 (2704 turns).

MovingMist the Skirmisher (Naga Fighter)            Turns: 2704, Time: 00:08:03

Health: -9/50      AC:  9    Str: 18    XL:     5   Next: 84%
Magic:  0/5        EV:  4    Int:  8    God:    Okawaru [......]
Gold:   69         SH:  0    Dex: 12    Spells: 0 memorised, 4 levels left

rFire  . . .     SeeInvis +     a - +1 trident
rCold  . . .     Gourm    .     e - +0 plate armour
rNeg   . . .     Faith    .     (no shield)
rPois  +         Spirit   +     (no helmet)
rElec  .         Dismiss  .     (no cloak)
rCorr  .         Reflect  .     n - +0 pair of gloves
SustAt .         Harm     .     (no barding)
MR     .....                    l - amulet of guardian spirit
Stlth  ..........               (no ring)
                                (no ring)

@: very slow, not resistant to hostile enchantments, extremely unstealthy
A: see invisible, deformed body, poison resistance, slowness 2, slow metabolism
1, spit poison 2, AC +1
a: Spit Poison, Renounce Religion


You were on level 4 of the Dungeon.
You worshipped Okawaru.
Okawaru was noncommittal.
You were not hungry.

You visited 1 branch of the dungeon, and saw 4 of its levels.

You collected 69 gold pieces.

Inventory:

Hand Weapons
 a - a +1 trident (weapon)
Armour
 e - a +0 plate armour (worn)
 n - a +0 pair of gloves (worn)
Jewellery
 l - an amulet of guardian spirit (around neck)
Wands
 b - a wand of flame (18/48)
Scrolls
 p - a scroll of remove curse
Potions
 c - a potion of brilliance {unknown}
 d - a potion of might
 k - a potion of agility {unknown}
 m - a potion of magic {unknown}
 q - 2 potions of resistance {unknown}
Comestibles
 f - 3 bread rations
 g - a beef jerky
 h - a meat ration
 i - 5 chunks of flesh
 o - a slice of pizza


   Skills:
 - Level 4.0 Fighting
 + Level 3.3 Polearms
 + Level 3.4 Armour
 + Level 1.7 Dodging
   Level 2.5 Shields


You had 4 spell levels left.
You didn't know any spells.

Dungeon Overview and Level Annotations

Branches:
Dungeon (4/15)
 Temple: D:4-7

Altars:
Okawaru
Sif Muna
Trog


Innate Abilities, Weirdness & Mutations

You cannot wear boots.
Your serpentine skin is tough (AC +1).
You have supernaturally acute eyesight.
Armour fits poorly on your strangely shaped body.
Your system is resistant to poisons.
You cover ground very slowly.
You have a slow metabolism.
You can spit poison.


Message History

* * * LOW HITPOINT WARNING * * *
The orc hits you but does no damage.
Found a stone staircase leading down.
You completely miss the orc priest. The orc hits you but does no damage.
The orc priest hits you but does no damage.
The orc barely misses you. The orc hits you but does no damage.
You closely miss the orc priest. The orc priest barely misses you.
The orc hits you but does no damage. x3
You hit the orc priest.
The orc priest is lightly wounded.
The orc priest hits you.
* * * LOW HITPOINT WARNING * * *
The orc hits you but does no damage. x3; The orc priest hits you.
* * * LOW HITPOINT WARNING * * *
You hit the orc priest.
The orc priest is moderately wounded.
The orc hits you but does no damage. x3
The orc priest calls down the wrath of Beogh upon you.
Pain shoots through your body!
You die...

#.##.##..#####<
#.##.##..### ..
#........... ..
#####.########## .#
#..............##>###
#>#####........#....
#........#..#
#.......)#o.##...
#.......(@oa...#
#.......o#o##.##
.>.....(..#...
.#.#####.######.# ...
#.# # #.. #.# #.#


You could see a worker ant, an orc priest and 3 orcs.

Vanquished Creatures
  An orc wizard (D:3)
  Jessica (D:2)
  A worker ant (D:3)
  3 adders (D:3)
  An ooze (D:1)
  An adder skeleton (D:4)
  A worm (D:3)
  2 dart slugs
  5 giant geckos
  4 orcs
  4 ball pythons
  7 bats
  7 giant cockroaches
  9 goblins
  10 hobgoblins
  2 jackals (D:2)
  7 kobolds
  3 giant newts
  7 rats
76 creatures vanquished.

Notes
Turn   | Place    | Note
--------------------------------------------------------------
     0 | D:1      | MovingMist the Naga Fighter began the quest for the Orb.
     0 | D:1      | Reached XP level 1. HP: 21/21 MP: 1/1
    40 | D:1      | Reached XP level 2. HP: 23/28 MP: 2/2
   688 | D:1      | Reached XP level 3. HP: 34/34 MP: 3/3
   983 | D:2      | Found an iron altar of Okawaru.
  1066 | D:2      | Became a worshipper of Warmaster Okawaru
  1165 | D:2      | Noticed Jessica
  1190 | D:2      | Killed Jessica
  1190 | D:2      | Reached skill level 1 in Dodging
  1190 | D:2      | Reached XP level 4. HP: 22/43 MP: 4/4
  1318 | D:2      | Found a bloodstained altar of Trog.
  1996 | D:3      | Reached skill level 4 in Fighting
  1996 | D:3      | Reached XP level 5. HP: 48/50 MP: 5/5
  2311 | D:3      | Found a deep blue altar of Sif Muna.
  2704 | D:4      | Killed from afar by an orc priest

Skill      XL: |  1  2  3  4  5 |
---------------+----------------+-----
Armour         | 3 |  3.4
Dodging        | 1 |  1.7
Fighting       | 4 |  4.0
Polearms       | 3 |  3.3
Shields        | |  2.5

Action                   |  1- 3 |  4- 6 || total
-------------------------+-------+-------++-------
Melee: Trident           |   147 |   191 ||   338
  Use: Scroll            |     7 |     4 ||    11
  Eat: Chunk             |       |     5 ||     5
Armor: Scale mail        |    61 |    19 ||    80
       Plate armour      |       |   147 ||   147
Dodge: Dodged            |    37 |    43 ||    80
Block: Shield            |    20 |       ||    20
